 Dungeon Crawl Stone Soup version 0.20.1-1-g8b1a95d (webtiles) character file.

3955 jojo4000 the Unseen (level 10, 0/76 HPs)
             Began as a Felid Berserker on July 19, 2017.
             Was a High Priest of Trog.
             Slain by a troll zombie (11 damage)
             ... on level 11 of the Dungeon.
             The game lasted 00:43:39 (11044 turns).

jojo4000 the Unseen (Felid Berserker)              Turns: 11044, Time: 00:43:40

Health: 0/76       AC:  2    Str: 18    XL:     10   Next: 2%
Magic:  11/11      EV: 28    Int:  9    God:    Trog [*****.]
Gold:   709        SH:  2    Dex: 21    Spells: 9/9 levels left
                                        Lives:  0   Deaths: 3

rFire    . . .     SeeInvis +     - Unarmed
rCold    . . .     Gourm    .   (shield unavailable)
rNeg     . . .     Faith    .   (armour unavailable)
rPois    .         Spirit   .   (helmet unavailable)
rElec    .         Reflect  +   (cloak unavailable)
rCorr    .         Harm     .   (gloves unavailable)
MR       ++...                  (boots unavailable)
Stlth    ..........             n - +2 amulet of reflection
Regen    0.3/turn               M - ring of protection from magic
MPRegen  0.2/turn               K - +2 ring of dexterity

@: berserking, very quick
A: no armour, no weapons or thrown items, stealth, claws 1, fangs 3, see
invisible, carnivore 3, speed 1, shaggy fur 2, slow metabolism 1, sharp paws
a: Berserk, Trog's Hand, Brothers in Arms, Burn Spellbooks, Renounce Religion


You were on level 11 of the Dungeon.
You worshipped Trog.
Trog was extremely pleased with you.
You were not hungry.

You visited 1 branch of the dungeon, and saw 11 of its levels.

You collected 709 gold pieces.

Inventory:

Jewellery
 n - a +2 amulet of reflection (around neck)
 o - an uncursed ring of resist corrosion
 t - a +3 amulet of reflection
 y - a +3 amulet of reflection
 D - a -3 ring of strength
 K - a +2 ring of dexterity (right paw)
 L - the ring of Buthru Erchu {+Inv rC+}
   (You found it on level 10 of the Dungeon)

   [ring of protection from cold]

   It protects you from cold.
   It lets you turn invisible.
 M - a ring of protection from magic (left paw)
 Q - a +3 ring of dexterity
 R - an uncursed amulet of rage {unknown}
Wands
 k - a wand of flame (16/48)
 s - a wand of digging (22/24)
 w - a wand of acid (9/15)
 C - a wand of polymorph (1/24)
 F - a wand of digging (12/24)
 G - a wand of random effects (16/48)
 I - a wand of acid (4/15)
Scrolls
 b - a scroll of fog {unknown}
 d - 7 scrolls of teleportation
 e - 3 scrolls of fear {unknown}
 f - 3 scrolls of enchant weapon
 g - 2 scrolls of remove curse
 h - 8 scrolls of identify
 i - 3 scrolls of magic mapping {unknown}
 j - 2 scrolls of blinking {unknown}
 l - 2 scrolls of amnesia {unknown}
 q - a scroll of recharging {unknown}
 u - 2 scrolls of enchant armour {unknown}
 B - 2 scrolls of acquirement {unknown}
 J - a scroll of random uselessness {unknown}
 P - a scroll of torment {unknown}
Potions
 m - a potion of cancellation {unknown}
 p - a potion of heal wounds {unknown}
 r - 2 potions of flight {unknown}
 v - 3 potions of haste {unknown}
 x - a potion of invisibility {unknown}
 z - a potion of agility {unknown}
 A - a potion of might {unknown}
 E - a potion of lignification {unknown}
Books
 H - a book of Geomancy

   Spells                             Type                      Level
   a - Sandblast                      Earth                        1
   b - Passwall                       Transmutation/Earth          2
   c - Stone Arrow                    Conjuration/Earth            3
   d - Petrify                        Transmutation/Earth          4
   e - Lee's Rapid Deconstruction     Earth                        5
   Trog disapproves of the use of such an item.
Miscellaneous
 N - a box of beasts
 O - a sack of spiders
Comestibles
 a - 7 meat rations
 c - 13 royal jellies


   Skills:
 + Level 10.1 Fighting
 - Level 10.3 Dodging
 + Level 15.8 Stealth
 - Level 6.6 Unarmed Combat


You had 9 spell levels left.
You didn't know any spells.

Dungeon Overview and Level Annotations

Branches:
Dungeon (11/15)            Temple (0/1) D:5            Lair (0/6) D:8
    Orc (0/2) D:11

Altars:
Cheibriados
Fedhas
Gozag
Hepliaklqana
Nemelex Xobeh
Okawaru
Sif Muna
Uskayaw
Zin
The Shining One

Annotations:
D:11 Sonja


Innate Abilities, Weirdness & Mutations

You cannot wear armour.
You are incapable of wielding weapons or throwing items.
Your paws allow you to move quietly. (Stealth)
You have sharp claws.
You have razor-sharp teeth.
You have supernaturally acute eyesight. (SInv)
You are carnivorous and can eat meat at any time.
You cover ground quickly.
You are covered in thick fur. (AC +2)
You have a slow metabolism.
Your sharp claws are effective at attacking unaware monsters.


Message History

You scratch the troll zombie.
The troll zombie is lightly damaged.
The ogre zombie completely misses you. The troll zombie bites you!
The troll zombie completely misses you. x2
You scratch the troll zombie but do no damage.
You bite the troll zombie, but do no damage.
The troll zombie is lightly damaged.
The ogre zombie hits you!
* * * LOW HITPOINT WARNING * * *
The troll zombie barely misses you. The troll zombie misses you.
The troll zombie completely misses you.
A red film seems to cover your vision as you go berserk!
You feel yourself moving faster!
You feel mighty!
You feel quite a bit more hungry. The ogre zombie completely misses you.
You completely miss the troll zombie. You bite the troll zombie!
The troll zombie is moderately damaged.
The troll zombie bites you.
* * * LOW HITPOINT WARNING * * *
The troll zombie completely misses you. The troll zombie claws you!
You die...

#.........##.......###......
#......?..##.......# ......
###..........#.......# ....>.
.....####....#.......# ......
..........)....#.......########.
.........(........)........
........((....#........####
.......########..<........
....... #@Z#####.### ... ##Z#
... .. .Z.. ##.# # ..8.... .#
.......... Z..........
..Z......... 8.Z..Z>.....8


You could see a hobgoblin zombie, an ogre zombie and a troll zombie.

Vanquished Creatures
  Gastronok (D:10)
  A hydra (D:8)
  An unseen horror (D:10)
  A troll (D:11)
  A hornet (D:7)
  2 dream sheep (D:8)
  14 yaks
  A hungry ghost (D:11)
  Edmund (D:6)
  A water moccasin (D:5)
  A sky beast (D:7)
  A black bear (D:9)
  A necrophage (D:9)
  4 ogres
  2 phantoms
  An eye of draining (D:8)
  7 centaurs
  A crocodile (D:11)
  3 bullfrogs
  6 big kobolds
  The ghost of Dyss the Changer, an amateur FeTm (D:3)
  A scorpion (D:6)
  3 troll zombies (D:11)
  3 killer bees (D:9)
  A water moccasin skeleton (D:7)
  4 wights (D:6)
  2 howler monkeys (D:4)
  An electric eel (D:6)
  9 crimson imps
  A quasit (D:8)
  2 jellies (D:10)
  A bullfrog zombie (D:5)
  Crazy Yiuf (D:3)
  4 hounds
  10 orc wizards
  A centaur skeleton (D:5)
  6 orc priests
  7 worker ants
  2 ogre zombies (D:11)
  A hound skeleton (D:7)
  A howler monkey zombie (D:9)
  Robin (D:3)
  7 gnolls
  8 adders
  A shadow imp (D:7)
  4 oozes
  A worm (D:2)
  An adder skeleton (D:7)
  2 dart slugs
  3 leopard geckos
  19 orcs
  4 bats
  5 giant cockroaches
  13 goblins
  10 hobgoblins
  15 jackals
  4 quokkas
  A ball python (D:2)
  6 frilled lizards
  A goblin skeleton (D:11)
  2 goblin zombies (D:11)
  24 kobolds
  A leopard gecko skeleton (D:6)
  4 orc skeletons (D:11)
  16 orc zombies (D:11)
  6 rats
272 creatures vanquished.

Notes
Turn   | Place    | Note
-------+----------+-------------------------------------------
     0 | D:1      | jojo4000 the Felid Berserker began the quest for the Orb.
     0 | D:1      | Reached XP level 1. HP: 10/10 MP: 2/2
   297 | D:1      | Reached XP level 2. HP: 14/14 MP: 3/3
   661 | D:1      | You fall through a shaft!
   673 | D:2      | Reached XP level 3. HP: 8/17 MP: 4/4
  1069 | D:2      | Found a hazy altar of Hepliaklqana.
  1071 | D:2      | Reached ** piety under Trog
  1244 | D:2      | Reached XP level 4. HP: 13/21 MP: 5/5
  1254 | D:2      | HP: 1/21 [poisoned by an adder]
  1256 | D:2      | Succumbed to an adder's poison
  1257 | D:2      | Reached XP level 3. HP: 0/17 MP: 4/4
  1297 | D:2      | Found a sparkling altar of Nemelex Xobeh.
  1888 | D:1      | Reached skill level 5 in Unarmed Combat
  2229 | D:3      | Noticed Robin
  2238 | D:3      | Reached XP level 4. HP: 21/21 MP: 5/5
  2243 | D:3      | Killed Robin
  2859 | D:3      | Noticed Dyss's ghost (amateur FeTm)
  2878 | D:3      | Killed Dyss's ghost
  2878 | D:3      | Reached XP level 5. HP: 24/24 MP: 6/6
  2944 | D:3      | Found a runed door.
  3017 | D:3      | Found an opulent altar of Gozag.
  3018 | D:3      | Found a deep blue altar of Sif Muna.
  3051 | D:3      | Noticed Crazy Yiuf
  3055 | D:3      | Killed Crazy Yiuf
  3315 | D:4      | Found a hide-covered altar of Uskayaw.
  3323 | D:4      | Reached skill level 1 in Stealth
  3350 | D:4      | Gained mutation: You are covered in thick fur. (AC +2) [Felid growth]
  3350 | D:4      | Reached XP level 6. HP: 27/28 MP: 7/7
  3373 | D:4      | Reached skill level 2 in Stealth
  3890 | D:4      | Reached *** piety under Trog
  3911 | D:4      | Found a snail-covered altar of Cheibriados.
  3995 | D:4      | Reached skill level 5 in Dodging
  4044 | D:5      | Entered Level 5 of the Dungeon
  4045 | D:5      | Found a blossoming altar of Fedhas.
  4058 | D:5      | Reached skill level 3 in Stealth
  4178 | D:5      | Noticed a water moccasin
  4188 | D:5      | Killed a water moccasin
  4188 | D:5      | Reached skill level 4 in Stealth
  4188 | D:5      | Reached XP level 7. HP: 31/31 MP: 8/8
  4355 | D:5      | Reached skill level 5 in Stealth
  4433 | D:5      | Found a staircase to the Ecumenical Temple.
  4945 | D:6      | Reached skill level 6 in Stealth
  5011 | D:6      | Noticed Edmund
  5029 | D:6      | Killed Edmund
  5036 | D:6      | Reached skill level 7 in Stealth
  5036 | D:6      | Reached XP level 8. HP: 7/34 MP: 9/9
  5458 | D:6      | Reached skill level 8 in Stealth
  6117 | D:7      | Found a glowing golden altar of the Shining One.
  6117 | D:7      | Found a glowing silver altar of Zin.
  6117 | D:7      | Found a blossoming altar of Fedhas.
  6118 | D:7      | Found an iron altar of Okawaru.
  6154 | D:7      | Reached skill level 9 in Stealth
  6168 | D:7      | Noticed a hornet
  6179 | D:7      | Killed a hornet
  6188 | D:7      | Reached skill level 10 in Dodging
  6284 | D:7      | Reached skill level 10 in Stealth
  6284 | D:7      | Reached XP level 9. HP: 34/38 MP: 10/10
  7312 | D:8      | Reached skill level 11 in Stealth
  7342 | D:8      | Found a staircase to the Lair.
  7714 | D:8      | Reached skill level 5 in Fighting
  7729 | D:8      | Reached skill level 12 in Stealth
  7738 | D:8      | Reached **** piety under Trog
  8018 | D:8      | Noticed a three-headed hydra
  8029 | D:8      | Killed a three-headed hydra
  8029 | D:8      | Reached XP level 10. HP: 46/46 MP: 11/11
  8098 | D:8      | Reached skill level 13 in Stealth
  8917 | D:9      | HP: 2/48 [killer bee (3)]
  8918 | D:9      | Slain by a killer bee
  8919 | D:9      | Reached XP level 9. HP: 0/43 MP: 10/10
  9219 | D:9      | Reached skill level 14 in Stealth
  9559 | D:10     | Entered Level 10 of the Dungeon
  9605 | D:10     | Noticed Gastronok
  9624 | D:10     | Killed Gastronok
  9624 | D:10     | Reached skill level 15 in Stealth
  9624 | D:10     | Reached XP level 10. HP: 31/49 MP: 11/11
 10110 | D:10     | Reached ***** piety under Trog
 10178 | D:10     | Noticed an unseen horror
 10184 | D:10     | Killed an unseen horror
 10508 | D:10     | Got a twitching tin ring
 10517 | D:10     | Identified the ring of Buthru Erchu {+Inv rC+} (You found it on level 10 of the Dungeon)
 10726 | D:11     | Found a staircase to the Orcish Mines.
 10802 | D:11     | Reached skill level 10 in Fighting
 10891 | D:11     | Noticed Sonja
 10906 | D:11     | Killed from afar by Sonja
 10907 | D:11     | Reached XP level 9. HP: -16/69 MP: 10/10
 10949 | D:11     | Reached XP level 10. HP: 38/51 MP: 11/11
 11044 | D:11     | Slain by a troll zombie

Skill      XL: |  1  2  3  4  5  6  7  8  9 10 |
---------------+-------------------------------+-----
Unarmed Combat | 4 5 6 |  6.6
Stealth        | 1 4 7 10 15 13 | 15.8
Dodging        | 5 8 10 | 10.3
Fighting       | 9 10 | 10.1

Action                   |  1- 3 |  4- 6 |  7- 9 | 10-12 || total
-------------------------+-------+-------+-------+-------++-------
Melee: Unarmed           |   116 |   109 |   365 |   234 ||   824
       Bite              |     5 |     8 |    39 |    35 ||    87
       Punch             |     1 |     1 |    18 |     8 ||    28
Invok: Berserk           |     3 |     4 |    15 |     8 ||    30
       Trog's Hand       |     1 |       |     8 |     2 ||    11
       Burn Spellbooks   |       |       |       |     1 ||     1
  Use: Potion            |       |     2 |       |       ||     2
       Scroll            |       |       |     4 |       ||     4
 Stab: Sleeping          |     7 |     6 |    19 |    10 ||    42
       Distracted        |     1 |       |     1 |     1 ||     3
  Eat: Chunk             |    16 |     8 |    29 |     9 ||    62
Armor: Skin              |     4 |     5 |    10 |    17 ||    36
Dodge: Dodged            |    79 |    65 |   325 |   284 ||   753
Block: Other             |       |       |    18 |    16 ||    34
